 Dungeon Crawl Stone Soup version 0.25.0-11-g1f837a76a1 (webtiles) character file.

Game seed: 12220253216206597132

48 xccam the Cutter (level 3, -2/31 HPs)
             Began as a Tengu Assassin on June 25, 2020.
             Slain by a water moccasin (3 damage)
             ... on level 2 of the Dungeon.
             The game lasted 00:03:01 (1024 turns).

xccam the Cutter (Tengu Assassin)                   Turns: 1024, Time: 00:03:01

Health: -2/31      AC: 21    Str: 11    XL:     3   Next: 72%
Magic:  4/4        EV:  2    Int: 12    God:
Gold:   64         SH:  0    Dex: 15    Spells: 2/2 levels left

rFire    . . .     SeeInvis .   a - +2 dagger
rCold    . . .     Gourm    .   (no shield)
rNeg     + + +     Faith    .   (armour currently unavailable)
rPois    +         Spirit   .   (helmet currently unavailable)
rElec    .         Reflect  .   (cloak currently unavailable)
rCorr    .         Harm     .   (gloves currently unavailable)
MR       .....     NoTele   +   (boots unavailable)
Stlth    +++.......             (no amulet)
HPRegen  0.10/turn              (no ring)
MPRegen  0.09/turn              (no ring)

@: lethally poisoned (-2 -> -5), tree-form
A: no striking features
a: no special abilities


You were on level 2 of the Dungeon.
You were not hungry.
You were a tree.
You visited 1 branch of the dungeon, and saw 2 of its levels.

You collected 64 gold pieces.

Inventory:

Hand Weapons
 a - a +2 dagger (weapon)
Missiles
 d - 2 poisoned darts (quivered)
 e - 2 curare-tipped darts
Armour
 b - a +0 robe (melded)
 c - a +0 cloak (melded)
 h - a +0 scale mail
Scrolls
 g - a scroll of remove curse {unknown}
 j - a scroll of fog {unknown}
 k - 3 scrolls of identify {unknown}
 m - a scroll of fear {unknown}
 n - a scroll of teleportation {unknown}
Potions
 l - a potion of magic
Comestibles
 f - 3 rations
 o - 2 chunks of flesh


   Skills:
 - Level 2.0 Fighting
 + Level 4.3 Short Blades
 - Level 2.0 Throwing
 - Level 1.1 Dodging
 - Level 4.0 Stealth


You had 2 spell levels left.
You didn't know any spells.
Your spell library was empty.

Dungeon Overview and Level Annotations

Branches:
Dungeon (2/15)

Altars:


Innate Abilities, Weirdness & Mutations

((You have a beak for a mouth.))
((You have claws for feet.))


Message History

The water moccasin is severely wounded.
The water moccasin bites you but does no damage.
You closely miss the water moccasin.
The water moccasin is severely wounded.
* * * LOW HITPOINT WARNING * * *
You feel sick.
The water moccasin bites you but does no damage.
You miss the water moccasin.
The water moccasin is severely wounded.
The water moccasin bites you but does no damage.
You barely miss the water moccasin.
The water moccasin is severely wounded.
The water moccasin bites you but does no damage.
You closely miss the water moccasin.
The water moccasin is severely wounded.
The water moccasin completely misses you.
You hit the water moccasin.
The water moccasin is almost dead.
The water moccasin bites you.
You die...

.(### .### #..(( #....
###.... #...# ...(... #...#
......(####...# .......
......# ......S###....#
.......♣......#
.......#..÷...#
.......#...##)#
.......#.......# .#
........#######.##...#
.......................
......###.#.#.######.# .....
#.#..........
###########.#####.#.#.#######


You could see a water moccasin.

Vanquished Creatures
  An adder (D:2)
  A dart slug (D:1)
  A leopard gecko (D:1)
  5 goblins (D:1)
  4 hobgoblins
  3 jackals (D:1)
  6 bats
  3 frilled lizards (D:1)
  7 kobolds
  3 rats
34 creatures vanquished.

Notes
Turn   | Place    | Note
-------+----------+-------------------------------------------
     0 | D:1      | xccam the Tengu Assassin began the quest for the Orb.
     0 | D:1      | Reached XP level 1. HP: 12/12 MP: 2/2
   165 | D:1      | Reached XP level 2. HP: 17/17 MP: 3/3
   413 | D:1      | Reached XP level 3. HP: 21/21 MP: 4/4
   996 | D:2      | Noticed a water moccasin
  1020 | D:2      | HP: 1/31 [poisoned by a water moccasin]
  1024 | D:2      | Slain by a water moccasin

Illustrated notes

Levels and vault maps discovered:
D:1:      tarquinn_simple_flora_water_e, layout_basic, serial_glass,
          glass_columns_b, glass_columns_c, glass_columns_c, glass_columns_b,
          glass_columns_a, glass_columns_c, moated_statue, minmay_tromino_mix6
D:2:      layout_basic, supply_closet_lemuel, chequers_jeans

Skill      XL: |  1  2  3 |
---------------+----------+-----
Short Blades   | 3 4 |  4.3
Fighting       | |  2.0
Throwing       | |  2.0
Dodging        | |  1.1
Stealth        | |  4.0

Action                   || total
-------------------------++-------
Melee: Dagger            ||    94
       Kick              ||    13
       Peck              ||     3
Throw: Dart              ||     6
  Use: Potion            ||     2
 Stab: Sleeping          ||     9
Armor: Robe              ||    22
       Skin              ||    16
Dodge: Dodged            ||    44
